 Dungeon Crawl Stone Soup version 0.27-a0-1438-g9b7c6745da (webtiles) character file.

Game seed: 14655390605981110941

58 Delamore the Skirmisher (level 4, -2/37 HPs)
             Began as a Formicid Fighter on July 4, 2021.
             Slain by a gnoll (12 damage)
             ... on level 2 of the Dungeon.
             The game lasted 00:01:12 (1620 turns).

Delamore the Skirmisher (Formicid Fighter)          Turns: 1620, Time: 00:01:13

Health: -2/37      AC:  6    Str: 21    XL:     4   Next: 21%
Magic:  4/4        EV:  8    Int:  8    God:
Gold:   143        SH: 11    Dex: 16    Spells: 3/3 levels left

rFire    . . .     SeeInvis +   a - +0 quarterstaff
rCold    . . .     Faith    .   c - +1 kite shield
rNeg     . . .     Spirit   .   b - +0 scale mail
rPois    .         Reflect  .   (helmet unavailable)
rElec    .         Harm     .   (no cloak)
rCorr    .         Rampage  .   (no gloves)
Will     .....                  (no boots)
Stlth    ..........             (no amulet)
HPRegen  0.12/turn              e - +6 ring of dexterity
MPRegen  0.09/turn              (no ring)

@: no status effects
A: permanent stasis, dig shafts and tunnels, antennae 3, four strong arms
a: Dig, Shaft Self


You were on level 2 of the Dungeon.
You visited 1 branch of the dungeon, and saw 2 of its levels.

You collected 143 gold pieces.

Inventory:

Hand Weapons
 a - a +0 quarterstaff (weapon)
Armour
 b - a +0 scale mail (worn)
 c - a +1 kite shield (worn)
Jewellery
 e - a +6 ring of dexterity (left hand)
Potions
 d - a potion of might
 f - a potion of berserk rage {unknown}


   Skills:
 + Level 4.0 Fighting
 * Level 3.6 Staves
 - Level 3.2 Armour
 - Level 3.6 Shields


You had 3 spell levels left.
You didn't know any spells.
Your spell library contained the following spells:

 Spells                   Type           Power      Damage    Failure   Level
 Sandblast                Erth           0%         2d4       98%         1
 Passwall                 Tmut/Erth      0%         N/A       99%         2
 Lee's Rapid Deconstruct  Erth           0%         3d5*      100%        5


Dungeon Overview and Level Annotations

Branches:
Dungeon (2/15)

Altars:

Shops:
D:2 :


Innate Abilities, Weirdness & Mutations

You cannot be hasted, slowed, berserked, paralysed or teleported.
You can dig through walls and to a lower floor.
You have a pair of large antennae on your head. (SInv)
Your four strong arms can wield two-handed weapons with a shield.


Message History

There is an open door here.
You sense a monster nearby. 3 gnolls come into view.
The gnoll shouts! x2
The gnoll moves out of view.
There are monsters nearby!
The gnoll hits you with a +0 whip!
You closely miss the gnoll. The gnoll completely misses you.
You barely miss the gnoll. You block the gnoll's attack.
You sock the gnoll!
The gnoll is severely wounded.
The gnoll hits you with a +0 flail.
You barely miss the gnoll.
The gnoll is severely wounded.
The gnoll hits you with a +0 flail!
You hit the gnoll but do no damage.
The gnoll is severely wounded.
You block the gnoll's attack. The gnoll hits you with a +0 flail.
You are too injured to fight recklessly!
You are too injured to fight recklessly!
You are too injured to fight recklessly!
You are too injured to fight recklessly!
You are too injured to fight recklessly!
You are too injured to fight recklessly!
You are too injured to fight recklessly!
You are too injured to fight recklessly!
You are too injured to fight recklessly!
You are too injured to fight recklessly!
You are too injured to fight recklessly!
You are too injured to fight recklessly!
You are too injured to fight recklessly!
You are too injured to fight recklessly!
You completely miss the gnoll.
The gnoll is severely wounded.
The gnoll hits you with a +0 flail!
* * * LOW HITPOINT WARNING * * *
There is an open door here.
There is a stone staircase leading up here.
The gnoll hits you with a +0 flail!
You die...

.............# #....#
.....####....# #....#
#########....# #....#
.(†..........# #....#
.#########...########.######
.............##............######
........ .............>....'.....
........ ... #.............######
##########.# #..@g.gg............
...#.# #.#.##'#.##########.
###.####.#.###.#....#.##
...............#...........
###.#.##.#'##............##
..#.#.##...........##.##.# {
#.#.#..').....#....##.# .#
#.#'####(.....#....# .# #
#......'.)....#....# #


You could see 3 gnolls.

Vanquished Creatures
  A worm (D:2)
  3 dart slugs
  6 ball pythons
  4 bats
  5 endoplasms
  A giant cockroach (D:1)
  2 hobgoblins
  12 jackals
  5 kobolds
  A frilled lizard (D:1)
  6 rats
46 creatures vanquished.

Notes
Turn   | Place    | Note
-------+----------+-------------------------------------------
     0 | D:1      | Delamore the Formicid Fighter began the quest for the Orb.
     0 | D:1      | Reached XP level 1. HP: 18/18 MP: 1/1
   267 | D:1      | Reached XP level 2. HP: 24/24 MP: 2/2
   739 | D:1      | Reached XP level 3. HP: 25/30 MP: 3/3
  1235 | D:2      | Reached XP level 4. HP: 24/37 MP: 4/4
  1409 | D:2      | Found Vefiotic's Book Shoppe.
  1431 | D:2      | Reached skill level 4 in Fighting
  1620 | D:2      | Slain by a gnoll

Illustrated notes

Levels and vault maps discovered:
D:1:      sevenhm_arrival_forest_fort_small_5, layout_basic,
          grunt_decor_junction
D:2:      layout_basic, ebering_ecumenical_altar_sacrificial, serial_shops,
          shop, uniq_natasha, uniq_jessica

Skill      XL: |  1  2  3  4 |
---------------+-------------+-----
Staves         | 3 |  3.6
Fighting       | 4 |  4.0
Armour         | |  3.2
Shields        | |  3.6

Action                   |  1- 3 |  4- 6 || total
-------------------------+-------+-------++-------
Melee: Quarterstaff      |   133 |    28 ||   161
  Use: Scroll            |     1 |       ||     1
Armor: Scale mail        |    62 |    11 ||    73
Dodge: Dodged            |    48 |     8 ||    56
Block: Kite shield       |    72 |    17 ||    89

Table legend: (Time is in decaauts)
 A = Elapsed time spent in this place.
 B = Non-inter-level travel time spent in this place.
 C = Inter-level travel time spent in this place.
 D = Time resting spent in this place.
 E = Time spent auto-exploring this place.
 F = Levels seen in this place.
 G = Mean time per level.
                   A        B        C        D        E       F      G
               +--------+--------+--------+--------+--------+-----+--------+
         Total |   1677 |   1638 |     39 |      0 |   1294 |   2 |  838.5 |
       Dungeon |   1677 |   1638 |     39 |      0 |   1294 |   2 |  838.5 |
               +--------+--------+--------+--------+--------+-----+--------+

Top non-repeatable levels by time:
     D:1: 1116 daAuts
     D:2: 561 daAuts
